NWL (28 & UNDER)
MENLO MANIACS @ RIVERSIDE RED BULLS
05/14/2028
 
TOP OF THE 1ST
Menlo Maniacs batting - Pitching for Riverside Red Bulls : RHP Ron Moore
Pitching: RHP Ron Moore
Batting: RHB Jason Blair 0-0: Called Strike
0-1: Ball
1-1: Foul Ball, location: 2F
1-2: Ball
2-2: Strikes out swinging
Batting: RHB Miguel González 0-0: Ball
1-0: Called Strike
1-1: Ball
2-1: Foul Ball, location: 2F
2-2: Strikes out swinging
Batting: LHB Tim Ramsey 0-0: Fly out, F9 (Flyball, 9)
Top of the 1st over - 0 run(s), 0 hit(s), 0 error(s), 0 left on base; Menlo 0 - Riverside 0
BOTTOM OF THE 1ST
Riverside Red Bulls batting - Pitching for Menlo Maniacs : RHP Carlos Rodríguez
Pitching: RHP Carlos Rodríguez
Batting: RHB Lakota O'Reilly 0-0: Foul Ball, location: 2F
0-1: Foul Ball, location: 2F
0-2: Strikes out looking
Batting: LHB William Wolf 0-0: Ball
1-0: Fly out, F9 (Flyball, 9LM)
Batting: RHB Brandon Pope 0-0: Ball
1-0: Ball
2-0: Called Strike
2-1: Ball
3-1: Called Strike
3-2: Foul Ball, location: 2F
3-2: Foul Ball, location: 2F
3-2: Base on Balls
Batting: SHB Enrique Uribe 0-0: Called Strike
0-1: SINGLE (Groundball, 34D)
Brandon Pope to second
Runner from 2nd tries for 3rd, SAFE, throw made to third
Enrique Uribe to second
Batting: RHB Glenn Broadwater 0-0: Ball
1-0: Called Strike
1-1: SINGLE (Flyball, 89S)
Brandon Pope scores
Enrique Uribe to third
Runner from 3rd tries for Home, SAFE, no throw
Batting: RHB Adam Davis 0-0: Called Strike
0-1: Swinging Strike
0-2: Strikes out swinging
Bottom of the 1st over - 2 run(s), 2 hit(s), 0 error(s), 1 left on base; Menlo 0 - Riverside 2
TOP OF THE 2ND
Menlo Maniacs batting - Pitching for Riverside Red Bulls : RHP Ron Moore
Batting: LHB José Peralta 0-0: Ball
1-0: Called Strike
1-1: Ball
2-1: Ball
3-1: Called Strike
3-2: SOLO HOME RUN (Flyball, 89XD), Distance : 408 ft
Batting: RHB Héctor Vázquez 0-0: Ball
1-0: Ball
2-0: Swinging Strike
2-1: Foul Ball, location: 2F
2-2: Ball
3-2: Strikes out swinging
Batting: LHB Bernardo Rodríguez 0-0: Ball
1-0: Ground out 5-3 (Groundball, 5S)
Batting: LHB Robby Lawson 0-0: Ball
1-0: Ball
2-0: Ball
3-0: Base on Balls
Batting: RHB Glenn Carter 0-0: Called Strike
0-1: Swinging Strike
0-2: Fielders Choice at 2nd, 6-4 (Groundball, 6)
Top of the 2nd over - 1 run(s), 1 hit(s), 0 error(s), 0 left on base; Menlo 1 - Riverside 2
BOTTOM OF THE 2ND
Riverside Red Bulls batting - Pitching for Menlo Maniacs : RHP Carlos Rodríguez
Batting: RHB Erik Carter 0-0: Ball
1-0: Foul Ball, location: 2F
1-1: Foul Ball, location: 2F
1-2: Strikes out swinging
Batting: RHB Gilberto Tovar 0-0: Ground out 6-3 (Groundball, 6)
Batting: LHB José Arce 0-0: Ball
1-0: Foul Ball, location: 2F
1-1: Foul Ball, location: 2F
1-2: Ball
2-2: Ball
3-2: Foul Ball, location: 2F
3-2: Foul Ball, location: 2F
3-2: Base on Balls
Batting: RHB Lakota O'Reilly 0-0: Foul Ball, location: 2F
0-1: Foul Ball, location: 2F
0-2: Ball
1-2: Foul Ball, location: 2F
1-2: Foul Ball, location: 2F
1-2: Ball
2-2: Ball
3-2: Foul Ball, location: 2F
3-2: Fly out, F9 (Flyball, 9)
Bottom of the 2nd over - 0 run(s), 0 hit(s), 0 error(s), 1 left on base; Menlo 1 - Riverside 2
TOP OF THE 3RD
Menlo Maniacs batting - Pitching for Riverside Red Bulls : RHP Ron Moore
Batting: RHB Kyle Mann 0-0: Swinging Strike
0-1: Swinging Strike
0-2: Ball
1-2: Strikes out swinging
Batting: RHB Jason Blair 0-0: Called Strike
0-1: Foul Ball, location: 2F
0-2: Ball
1-2: Strikes out swinging
Batting: RHB Miguel González 0-0: Called Strike
0-1: Ball
1-1: SINGLE (Groundball, 4M) (infield hit)
Batting: LHB Tim Ramsey 0-0: Fly out, F9 (Flyball, 89XD)
Top of the 3rd over - 0 run(s), 1 hit(s), 0 error(s), 1 left on base; Menlo 1 - Riverside 2
BOTTOM OF THE 3RD
Riverside Red Bulls batting - Pitching for Menlo Maniacs : RHP Carlos Rodríguez
Batting: LHB William Wolf 0-0: Called Strike
0-1: Swinging Strike
0-2: Ball
1-2: Fly out, F7 (Flyball, 78M)
Batting: RHB Brandon Pope 0-0: Ball
1-0: Ball
2-0: Swinging Strike
2-1: Ball
3-1: Foul Ball, location: 2F
3-2: Fly out, F7 (Flyball, 7)
Batting: SHB Enrique Uribe 0-0: Ball
1-0: Ball
2-0: Ball
3-0: Called Strike
3-1: Base on Balls
Batting: RHB Glenn Broadwater 0-0: Called Strike
0-1: Ball
1-1: Ball
2-1: Foul Ball, location: 2F
2-2: Ground out 6-3 (Groundball, 6MD)
Bottom of the 3rd over - 0 run(s), 0 hit(s), 0 error(s), 1 left on base; Menlo 1 - Riverside 2
TOP OF THE 4TH
Menlo Maniacs batting - Pitching for Riverside Red Bulls : RHP Ron Moore
Batting: LHB José Peralta 0-0: Ball
1-0: SINGLE (Groundball, 34D)
Batting: RHB Héctor Vázquez 0-0: SINGLE (Groundball, 56D)
José Peralta to second
José Peralta to third
Batting: LHB Bernardo Rodríguez 0-0: Called Strike
0-1: Ball
Wild Pitch!
José Peralta scores
Héctor Vázquez to second
1-1: Swinging Strike
1-2: Foul Ball, location: 2F
1-2: Strikes out looking
Batting: LHB Robby Lawson 0-0: Ball
1-0: Called Strike
1-1: Called Strike
1-2: Fly out, F9 (Line Drive, 9)
Batting: RHB Glenn Carter 0-0: SINGLE (Groundball, 4MD)
Héctor Vázquez to third
Runner from 3rd tries for Home, SAFE, no throw
Batting: RHB Kyle Mann 0-0: Ball
1-0: Ball
2-0: Ball
3-0: Called Strike
3-1: Foul Ball, location: 2F
3-2: SINGLE (Line Drive, 8LS)
Glenn Carter to second
Glenn Carter to third
Batting: RHB Jason Blair 0-0: Swinging Strike
0-1: SINGLE (Groundball, 34) (infield hit)
Glenn Carter scores
Kyle Mann to second
Batting: RHB Miguel González 0-0: Ball
1-0: SINGLE (Groundball, 6MD)
Kyle Mann to third
Jason Blair to second
Runner from 3rd tries for Home, SAFE, no throw
Batting: LHB Tim Ramsey 0-0: Called Strike
0-1: Ball
1-1: Ball
2-1: Ball
3-1: Fly out, F2 (Popup, 3S)
Top of the 4th over - 4 run(s), 6 hit(s), 0 error(s), 2 left on base; Menlo 5 - Riverside 2
BOTTOM OF THE 4TH
Riverside Red Bulls batting - Pitching for Menlo Maniacs : RHP Carlos Rodríguez
Batting: RHB Adam Davis 0-0: Ball
1-0: Ground out 5-3 (Groundball, 56)
Batting: RHB Erik Carter 0-0: Ball
1-0: Swinging Strike
1-1: Called Strike
1-2: Ball
2-2: Foul Ball, location: 2F
2-2: Strikes out swinging
Batting: RHB Gilberto Tovar 0-0: Ground out 5-3 (Groundball, 56S)
Bottom of the 4th over - 0 run(s), 0 hit(s), 0 error(s), 0 left on base; Menlo 5 - Riverside 2
TOP OF THE 5TH
Menlo Maniacs batting - Pitching for Riverside Red Bulls : RHP Ron Moore
Batting: LHB José Peralta 0-0: Called Strike
0-1: Ball
1-1: Foul Ball, location: 2F
1-2: Ball
2-2: Strikes out looking
Batting: RHB Héctor Vázquez 0-0: Swinging Strike
0-1: Foul Ball, location: 2F
0-2: Foul Ball, location: 2F
0-2: Ball
1-2: Foul Ball, location: 2F
1-2: Foul Ball, location: 2F
1-2: Ball
2-2: Ball
3-2: Strikes out swinging
Batting: LHB Bernardo Rodríguez 0-0: Called Strike
0-1: Foul Ball, location: 2F
0-2: Ball
1-2: Strikes out swinging
Top of the 5th over - 0 run(s), 0 hit(s), 0 error(s), 0 left on base; Menlo 5 - Riverside 2
BOTTOM OF THE 5TH
Riverside Red Bulls batting - Pitching for Menlo Maniacs : RHP Carlos Rodríguez
Batting: LHB José Arce 0-0: Ball
1-0: Fly out, F6 (Line Drive, 56D)
Batting: RHB Lakota O'Reilly 0-0: Foul Ball, location: 2F
0-1: Fly out, F5 (Popup, 56)
Batting: LHB William Wolf 0-0: Swinging Strike
0-1: DOUBLE (Line Drive, 7LD)
Batting: RHB Brandon Pope 0-0: Called Strike
0-1: Swinging Strike
0-2: Ball
1-2: Ball
2-2: Strikes out swinging
Bottom of the 5th over - 0 run(s), 1 hit(s), 0 error(s), 1 left on base; Menlo 5 - Riverside 2
TOP OF THE 6TH
Menlo Maniacs batting - Pitching for Riverside Red Bulls : RHP Ron Moore
Batting: LHB Robby Lawson 0-0: Called Strike
0-1: Ball
1-1: Foul Ball, location: 2F
1-2: Ball
2-2: Strikes out swinging
Pitching: RHP Bill Muñóz
Batting: RHB Glenn Carter 0-0: Ball
1-0: Called Strike
1-1: Foul Ball, location: 2F
1-2: Strikes out looking
Batting: RHB Kyle Mann 0-0: Ball
1-0: Called Strike
1-1: Foul Ball, location: 2F
1-2: Fly out, F7 (Flyball, 7)
Top of the 6th over - 0 run(s), 0 hit(s), 0 error(s), 0 left on base; Menlo 5 - Riverside 2
BOTTOM OF THE 6TH
Riverside Red Bulls batting - Pitching for Menlo Maniacs : RHP Carlos Rodríguez
Batting: SHB Enrique Uribe 0-0: Ball
1-0: Ball
2-0: Ball
3-0: Base on Balls
Batting: RHB Glenn Broadwater 0-0: Ball
1-0: Foul Ball, location: 2F
1-1: Ball
2-1: Foul Ball, location: 2F
2-2: Foul Ball, location: 2F
2-2: Foul Ball, location: 2F
2-2: DOUBLE (Flyball, 7D)
Enrique Uribe to third
Pitching: RHP Brad Small
Batting: RHB Adam Davis 0-0: Fly out, F8 (Flyball, 8LM)
Runner from 3rd tags up, SCORES, no throw
Batting: RHB Erik Carter 0-0: Ball
1-0: Ball
2-0: Ball
3-0: Base on Balls
Batting: RHB Gilberto Tovar 0-0: Ball
1-0: Foul Ball, location: 2F
1-1: Ball
2-1: Ball
3-1: Grounds into double play, 4-6-3 (Groundball, 4)
Bottom of the 6th over - 1 run(s), 1 hit(s), 0 error(s), 1 left on base; Menlo 5 - Riverside 3
TOP OF THE 7TH
Menlo Maniacs batting - Pitching for Riverside Red Bulls : RHP Bill Muñóz
Batting: RHB Jason Blair 0-0: Called Strike
0-1: Called Strike
0-2: Strikes out swinging
Batting: RHB Miguel González 0-0: Fly out, F9 (Flyball, 9LS)
Batting: LHB Tim Ramsey 0-0: Called Strike
0-1: Swinging Strike
0-2: SINGLE (Groundball, 34D)
Batting: LHB José Peralta 0-0: Called Strike
0-1: Ball
1-1: Foul Ball, location: 2F
1-2: Ball
2-2: Strikes out looking
Top of the 7th over - 0 run(s), 1 hit(s), 0 error(s), 1 left on base; Menlo 5 - Riverside 3
BOTTOM OF THE 7TH
Riverside Red Bulls batting - Pitching for Menlo Maniacs : RHP Brad Small
Batting: LHB José Arce 0-0: Ball
1-0: Called Strike
1-1: Fly out, F7 (Flyball, 7)
Batting: RHB Lakota O'Reilly 0-0: Ball
1-0: Ball
2-0: Called Strike
2-1: Fly out, F7 (Flyball, 7)
Batting: LHB William Wolf 0-0: Foul Ball, location: 2F
0-1: Ball
1-1: Ball
2-1: Ball
3-1: Base on Balls
Batting: RHB Brandon Pope 0-0: Called Strike
0-1: Swinging Strike
0-2: Ball
1-2: Ball
2-2: Ball
3-2: Base on Balls
William Wolf to second
Batting: SHB Enrique Uribe 0-0: Called Strike
0-1: Ball
1-1: Swinging Strike
1-2: Foul Ball, location: 2F
1-2: Ball
2-2: Ball
3-2: Strikes out looking
Bottom of the 7th over - 0 run(s), 0 hit(s), 0 error(s), 2 left on base; Menlo 5 - Riverside 3
TOP OF THE 8TH
Menlo Maniacs batting - Pitching for Riverside Red Bulls : RHP Bill Muñóz
Batting: RHB Héctor Vázquez 0-0: Ball
1-0: Ground out 6-3 (Groundball, 6)
Batting: LHB Bernardo Rodríguez 0-0: Called Strike
0-1: Foul Ball, location: 2F
0-2: Foul Ball, location: 2F
0-2: Ball
1-2: Strikes out swinging
Batting: LHB Robby Lawson 0-0: Called Strike
0-1: Ball
1-1: Swinging Strike
1-2: Ball
2-2: Strikes out looking
Top of the 8th over - 0 run(s), 0 hit(s), 0 error(s), 0 left on base; Menlo 5 - Riverside 3
BOTTOM OF THE 8TH
Riverside Red Bulls batting - Pitching for Menlo Maniacs : RHP Brad Small
Batting: RHB Glenn Broadwater 0-0: Called Strike
0-1: Foul Ball, location: 2F
0-2: Ball
1-2: Foul Ball, location: 2F
1-2: Ball
2-2: Ball
3-2: Foul Ball, location: 2F
3-2: Foul Ball, location: 2F
3-2: SINGLE (Line Drive, 89S)
Pitching: LHP Joe Jenkins
Batting: RHB Adam Davis 0-0: Called Strike
0-1: SINGLE (Line Drive, 78S)
Glenn Broadwater to second
Pinch Hitting: SHB Walt Simmons 0-0: Ball
1-0: Called Strike
Error on foul ball, E2
1-2: Foul Ball, location: 2F
1-2: Foul Ball, location: 2F
1-2: Grounds into double play, 5-4-3 (Groundball, 56)
Glenn Broadwater to third
Batting: RHB Gilberto Tovar 0-0: Called Strike
0-1: Fly out, F8 (Flyball, 8RD)
Bottom of the 8th over - 0 run(s), 2 hit(s), 1 error(s), 1 left on base; Menlo 5 - Riverside 3
TOP OF THE 9TH
Menlo Maniacs batting - Pitching for Riverside Red Bulls : RHP Bill Muñóz
Pitching: RHP Manuel Pérez
Now in RF: Walt Simmons
Batting: RHB Glenn Carter 0-0: Ball
1-0: Ball
2-0: Called Strike
2-1: Ground out 3-1 (Groundball, 34)
Batting: RHB Kyle Mann 0-0: Called Strike
0-1: Ball
1-1: Swinging Strike
1-2: Ball
2-2: Strikes out swinging
Batting: RHB Jason Blair 0-0: Ball
1-0: Ball
2-0: Ball
3-0: Base on Balls
Batting: RHB Miguel González 0-0: Called Strike
0-1: Ball
1-1: Ball
2-1: Ball
3-1: Fly out, F6 (Flyball, 6MD)
Top of the 9th over - 0 run(s), 0 hit(s), 0 error(s), 1 left on base; Menlo 5 - Riverside 3
BOTTOM OF THE 9TH
Riverside Red Bulls batting - Pitching for Menlo Maniacs : LHP Joe Jenkins
Pitching: RHP Juan Sánchez
Batting: LHB José Arce 0-0: Called Strike
0-1: Called Strike
0-2: Strikes out looking
Batting: RHB Lakota O'Reilly 0-0: Foul Ball, location: 2F
0-1: Swinging Strike
0-2: Ball
1-2: Ball
2-2: Strikes out looking
Batting: LHB William Wolf 0-0: Ball
1-0: Called Strike
1-1: Ball
2-1: Ball
3-1: DOUBLE (Flyball, 78D)
Batting: RHB Brandon Pope 0-0: Ball
1-0: 2-RUN HOME RUN (Flyball, 8LXD), Distance : 430 ft
Batting: SHB Enrique Uribe 0-0: Called Strike
0-1: Ball
1-1: Swinging Strike
1-2: Ball
2-2: Foul Ball, location: 2F
2-2: TRIPLE (Flyball, 78S)
Pinch Hitting: LHB Nathan Frey 0-0: Ball
1-0: Ball
2-0: Foul Ball, location: 2F
2-1: Foul Ball, location: 2F
2-2: Foul Ball, location: 2F
2-2: Ground out 5-3 (Groundball, 56S)
Bottom of the 9th over - 2 run(s), 3 hit(s), 0 error(s), 1 left on base; Menlo 5 - Riverside 5
TOP OF THE 10TH
Menlo Maniacs batting - Pitching for Riverside Red Bulls : RHP Manuel Pérez
Now in LF: Nathan Frey
Batting: LHB Tim Ramsey 0-0: Called Strike
0-1: Ball
1-1: Ground out 4-3 (Groundball, 34D)
Batting: LHB José Peralta 0-0: Ball
1-0: Ball
2-0: Ball
3-0: Base on Balls
Batting: RHB Héctor Vázquez 0-0: Foul Ball, location: 2F
0-1: Called Strike
0-2: Ball
1-2: Single, Error in OF, E8, batter to second base
José Peralta to third
Batting: LHB Bernardo Rodríguez 0-0: Called Strike
0-1: Called Strike
0-2: Ball
1-2: Strikes out swinging
Batting: LHB Robby Lawson 0-0: Called Strike
0-1: Ball
1-1: Foul Ball, location: 2F
1-2: Ground out 3-1 (Groundball, 34)
Top of the 10th over - 0 run(s), 1 hit(s), 1 error(s), 2 left on base; Menlo 5 - Riverside 5
BOTTOM OF THE 10TH
Riverside Red Bulls batting - Pitching for Menlo Maniacs : RHP Juan Sánchez
Batting: RHB Adam Davis 0-0: Called Strike
0-1: Called Strike
0-2: Ball
1-2: Foul Ball, location: 2F
1-2: Strikes out swinging
Pinch Hitting: RHB Patrick Daniels 0-0: Ball
1-0: Called Strike
1-1: Ground out 6-3 (Groundball, 6M)
Batting: RHB Gilberto Tovar 0-0: Called Strike
0-1: Ball
1-1: Ground out 6-3 (Groundball, 6D)
Bottom of the 10th over - 0 run(s), 0 hit(s), 0 error(s), 0 left on base; Menlo 5 - Riverside 5
TOP OF THE 11TH
Menlo Maniacs batting - Pitching for Riverside Red Bulls : RHP Manuel Pérez
Pitching: LHP Pepe Gómez
Now in RF: Patrick Daniels
Pinch Hitting: RHB José Méndez 0-0: Ball
1-0: Ball
2-0: Ball
3-0: Base on Balls
Pinch Runner at 1st Ryan Holcomb:
Pinch Hitting: RHB Eleuterio Supardo 0-0: Called Strike
0-1: Grounds into double play, 6-4-3 (Groundball, 6)
Batting: RHB Jason Blair 0-0: Ball
1-0: Called Strike
1-1: Ball
2-1: Foul Ball, location: 2F
2-2: Foul Ball, location: 2F
2-2: SINGLE (Groundball, 56) (infield hit)
Pinch Hitting: RHB Dani Torres 0-0: Ball
1-0: Fly out, F7 (Flyball, 7LMF)
Top of the 11th over - 0 run(s), 1 hit(s), 0 error(s), 1 left on base; Menlo 5 - Riverside 5
BOTTOM OF THE 11TH
Riverside Red Bulls batting - Pitching for Menlo Maniacs : RHP Juan Sánchez
Pitching: RHP Gerard Gustafson
Now at C: Vaughan Price
Now at 2B: Dani Torres
Now in LF: Byron Bracy
Batting: LHB José Arce 0-0: Ball
1-0: SOLO HOME RUN (Flyball, 9D), Distance : 413 ft
Tuesday, August 8th, 2017 - OOTP Baseball 17.12 Build 75